AoeStats
← pickneo

Arena

508867167Analyzed
4v4 RM · 7d ago on Sep 24, 2026· 56m 0s· 8 players
Game mode
Random Map
Map size
Large (8 player)
Population
200
Speed
Normal
Resources
Standard
Victory
Conquest
Starting age
Dark Age
Ending age
Imperial Age
RankedLock teamsTeams togetherTeam positionsShared explorationLock speedFull tech treeHidden civsTurbo modeCheats
Victory
Defeat
🇨🇳 Bohemians · China
907
+13
🇨🇳 Bengalis · China
879
+14
🇬🇧 Spanish · United Kingdom
730
+20
🇰🇷 Burgundians · South Korea
666
+23
🇹🇼 Varangians · Taiwan
889
-20
🇨🇳 Saxons · China
851
-18
🇨🇳 Franks · China
819
-17
🇨🇳 Turks · China
764
-15
JOE
0:32 Loom
11:30 Feudal Age
17:52 Castle Age
16:15 Double-Bit Axe
16:22 Horse Collar
17:25 Stone Mining
19:04 Wheelbarrow
19:09 Bow Saw
19:03 Heavy Plow
20:43 Gold Mining
22:12 Hand Cart
24:24 Treadmill Crane
29:15 Gold Shaft Mining
28:59 Masonry
29:03 Forging
31:14 Scale Mail Armor
33:19 Arson
33:35 Squires
33:20 Gambesons
34:37 Fortified Wall
38:17 Imperial Age
37:49 Clerical Recruitment
39:35 Conscription
38:36 Elite Hearth Troop
40:06 Architecture
41:15 Crop Rotation
41:49 Two-Man Saw
41:23 Shield Wall
42:35 Elite Varangian Guard
44:41 Chain Mail Armor
45:02 Iron Casting
观月
0:33 Loom
13:40 Feudal Age
14:27 Double-Bit Axe
16:39 Wheelbarrow
19:31 Castle Age
17:55 Scale Barding Armor
18:05 Gold Mining
18:47 Stone Mining
19:15 Forging
21:11 Hand Cart
21:11 Bow Saw
33:02 Imperial Age
33:57 Chivalry
33:20 Cavalier
34:03 Husbandry
35:03 Conscription
35:42 Paladin
36:48 Chain Barding Armor
37:52 Iron Casting
37:50 Heavy Scorpion
44:36 Chemistry
feifei0920097740
11:47 Feudal Age
10:50 Loom
16:11 Castle Age
14:41 Double-Bit Axe
14:39 Horse Collar
15:52 Gold Mining
17:43 Bow Saw
17:41 Heavy Plow
18:16 Stone Mining
21:05 Wheelbarrow
25:37 Ballistics
32:01 Imperial Age
30:27 Scale Barding Armor
31:00 Bloodlines
30:53 Husbandry
30:17 Light Cavalry
31:10 Vendel Legacy
31:46 Fletching
33:19 Chain Barding Armor
33:10 Forging
33:43 Stone Shaft Mining
33:07 Cavalier
34:12 Conscription
33:53 Bodkin Arrow
33:36 Capped Ram
34:35 Caravan
34:57 Hand Cart
36:04 Plate Barding Armor
36:18 Iron Casting
37:09 Chemistry
36:21 Masonry
38:23 Town Watch
39:55 Scale Mail Armor
39:55 Padded Archer Armor
41:28 Gothikon
42:36 Elite Jarl
44:57 Blast Furnace
43:59 Bracer
44:14 Leather Archer Armor
45:02 Siege Engineers
45:45 Hussar
45:57 Cranequins
46:05 Pikeman
46:46 Squires
46:31 Gambesons
46:32 Arson
46:51 Elite Skirmisher
47:24 Halberdier
52:26 Fortified Wall
52:11 Murder Holes
52:47 Architecture
mackling
2:56 Loom
12:29 Feudal Age
12:50 Feudal Age
17:03 Castle Age
22:27 Imperial Age
19:49 Horse Collar
19:56 Double-Bit Axe
24:03 Padded Archer Armor
27:51 Leather Archer Armor
P Diddy oil
11:12 Feudal Age
16:42 Castle Age
15:33 Double-Bit Axe
18:36 Wheelbarrow
19:57 Horse Collar
22:48 Bow Saw
22:54 Fletching
25:15 Gold Mining
25:15 Stone Mining
25:40 Heavy Plow
30:06 Imperial Age
30:04 Bloodlines
29:56 Husbandry
30:10 Forging
30:05 Scale Barding Armor
30:09 Cavalier
31:31 Iron Casting
32:16 Chain Barding Armor
33:23 Chemistry
33:33 Paladin
37:55 Plate Barding Armor
38:21 Blast Furnace
38:53 Scale Mail Armor
38:49 Light Cavalry
41:04 Hussar
gaia9305
11:04 Feudal Age
10:57 Horse Collar
16:16 Wheelbarrow
16:00 Double-Bit Axe
18:45 Man-at-Arms
21:52 Castle Age
20:34 Scale Mail Armor
20:33 Gold Mining
21:39 Scale Barding Armor
21:50 Heavy Plow
22:08 Bow Saw
22:29 Fletching
pickneo
10:35 Feudal Age
16:48 Castle Age
22:22 Horse Collar
24:08 Double-Bit Axe
24:26 Heavy Plow
24:53 Gold Mining
27:13 Pikeman
27:54 Squires
27:42 Gambesons
28:50 Caravan
29:03 Scale Mail Armor
28:54 Fletching
29:05 Padded Archer Armor
30:58 Bow Saw
35:21 Imperial Age
33:57 Paiks
34:52 Masonry
34:55 Fortified Wall
34:56 Loom
35:46 Wheelbarrow
34:57 Town Watch
35:56 Wheelbarrow
35:07 Town Watch
35:55 Coinage
35:37 Forging
35:33 Scale Barding Armor
35:23 Bodkin Arrow
35:44 Leather Archer Armor
35:51 Chain Mail Armor
36:23 Elite Ratha (Ranged)
37:24 Mahayana
36:31 Halberdier
38:08 Elite Elephant Archer
40:10 Gold Shaft Mining
39:25 Stone Mining
40:08 Crop Rotation
41:48 Banking
41:29 Guilds
42:23 Conscription
43:40 Husbandry
43:50 Bloodlines
46:34 Siege Elephant
51:32 Arson
52:29 Iron Casting
52:14 Chain Barding Armor
meyerowitz
11:58 Feudal Age
17:03 Castle Age
15:02 Double-Bit Axe
15:02 Horse Collar
20:11 Chemistry
20:53 Bow Saw
24:11 Heavy Plow
28:30 Wheelbarrow
28:02 Town Watch
28:04 Loom
32:08 Hand Cart
37:18 Imperial Age
36:29 Masonry
36:30 Fortified Wall
38:47 Houfnice
39:44 Caravan
40:57 Two-Man Saw
41:07 Town Patrol
Connection lost

Rejoining the realm…

Still unreachable

The connection could not be restored.

Session expired

The server has moved on; the page needs a fresh start.